 Dungeon Crawl Stone Soup version 0.22-a0-525-gf69a080 (webtiles) character file.

10239 Mgcat the Severer (level 11, -15/89 HPs)
             Began as a Hill Orc Gladiator on June 21, 2018.
             Was an Initiate of Gozag.
             Demolished by an orc warrior
             ... wielding a +0 halberd
              (20 damage)
             ... in a bailey.
             The game lasted 00:28:09 (10319 turns).

Mgcat the Severer (Hill Orc Gladiator)             Turns: 10319, Time: 00:28:10

Health: -15/89     AC: 30    Str: 21    XL:     11   Next: 59%
Magic:  0/11       EV:  5    Int:  8    God:    Gozag
Gold:   622        SH:  0    Dex: 12    Spells: 5/10 levels left

rFire    . . .     SeeInvis .   a - +2 war axe
rCold    . . .     Gourm    .   (no shield)
rNeg     . . .     Faith    .   e - +2 crystal plate armour
rPois    .         Spirit   +   c - +1 helmet
rElec    .         Reflect  .   (no cloak)
rCorr    .         Harm     .   (no gloves)
MR       .....                  w - +2 pair of boots
Stlth    ..........             y - amulet of guardian spirit {Spirit}
HPRegen  0.24/turn              v - +3 ring of protection
MPRegen  0.12/turn              B - +3 ring of protection

@: studying Shields
A: no striking features
a: Potion Petition, Call Merchant, Bribe Branch, Renounce Religion


You were in a bailey.
You worshipped Gozag.
Gozag was pleased with you.
You were not hungry.

You visited 1 branch of the dungeon, and saw 10 of its levels.
You also visited: Bailey.

You collected 2393 gold pieces.
You spent 1288 gold pieces at shops.
You paid 483 gold pieces to Gozag.

Inventory:

Hand Weapons
 a - a +2 war axe (weapon)
 b - the +9 quarterstaff of Inflation {flame, +Fly rC+ Str+6 Stlth-}
   (You found it on level 8 of the Dungeon)

   It has been specially enchanted to burn those struck by it, causing extra
   injury to most foes and up to half again as much damage against particularly
   susceptible opponents.
   It affects your strength (+6).
   It protects you from cold.
   It lets you fly.
   It makes you less stealthy.
 n - a +2 flail of protection
   (You took it off an orc priest on level 8 of the Dungeon)
 F - a +0 trident
   (You took it off an orc in a bailey)
 G - a +0 trident
   (You took it off an orc warrior in a bailey)
Missiles
 d - 3 throwing nets {=f, !d}
Armour
 c - a +1 helmet (worn)
 e - a +2 crystal plate armour (worn)
   (You bought it in a shop on level 8 of the Dungeon)
 w - a +2 pair of boots (worn)
   (You found it on level 3 of the Dungeon)
Magical Staves
 z - an uncursed staff of poison {unknown}
   (You found it on level 8 of the Dungeon)
Jewellery
 l - an uncursed ring of wizardry {Wiz+, !d}
   (You found it on level 9 of the Dungeon)
 v - a +3 ring of protection (left hand)
   (You found it on level 3 of the Dungeon)
 y - an amulet of guardian spirit (around neck) {Spirit}
   (You found it on level 5 of the Dungeon)
 B - a +3 ring of protection (right hand)
   (You took it off an orc on level 9 of the Dungeon)
 D - an uncursed ring of resist corrosion
   (You found it on level 9 of the Dungeon)
Wands
 g - a wand of flame (24)
   (You found it on level 4 of the Dungeon)
 r - a wand of random effects (34)
   (You found it on level 7 of the Dungeon)
 t - a wand of polymorph (15)
   (You found it on level 9 of the Dungeon)
 A - a wand of paralysis (11)
   (You found it on level 6 of the Dungeon)
Scrolls
 i - a scroll of immolation {unknown}
 j - 5 scrolls of amnesia
 k - 9 scrolls of teleportation
 m - 4 scrolls of remove curse
 o - 3 scrolls of magic mapping {!r}
 C - a scroll of identify
Potions
 p - a potion of cancellation {unknown}
 q - 5 potions of mutation {!q}
 s - 4 potions of lignification {!q}
 u - a potion of degeneration {unknown}
 x - a potion of brilliance
Books
 H - a manual of Shields {!d}
   (You found it in a bailey)
Comestibles
 f - 6 rations


   Skills:
 - Level 5.7 Fighting
 + Level 19.0 Axes
 - Level 1.7 Throwing
 - Level 5.0 Armour
 - Level 5.1 Dodging


You had 5 spell levels left.
You knew the following spells:

 Your Spells              Type           Power        Failure   Level  Hunger
a - Song of Slaying       Chrm           #.......     100%        2    ###....
b - Regeneration          Chrm/Necr      #.........   100%        3    ####...

Your spell library contained the following spells:

 Spells                   Type           Power        Failure   Level  Hunger
 Shroud of Golubria       Chrm/Tloc      #.........   100%        2    ###....
 Infusion                 Chrm           #...         100%        1    ##.....
 Spectral Weapon          Hex/Chrm       #.......     100%        3    ####...


Dungeon Overview and Level Annotations

Branches:
Dungeon (10/15)            Temple (0/1) D:7            Lair (0/6) D:8
    Orc: D:9-12

Altars:
Fedhas
Gozag
Makhleb
Okawaru
Trog
Vehumet
Xom
Yredelemnul
Zin

Shops:
D:8 [


Message History

You slash the orc warrior! x2
You kill the orc warrior!
The orc knight hits you with a halberd. The orc warrior hits you with a spear!
The orc warrior completely misses you.
You closely miss the orc knight.
The orc knight is severely wounded.
You slash the orc warrior!
You kill the orc warrior!
The orc knight hits you but does no damage.
You closely miss the orc knight.
The orc knight is severely wounded.
The orc warrior hits you but does no damage.
The orc knight hits you with a halberd!
The orc warrior hits you with a halberd.
Things that are here:
5 gold pieces; a spear; a scale mail You hit the orc knight but do no damage.
The orc knight is severely wounded.
You barely miss the orc warrior.
The orc knight hits you but does no damage.
You closely miss the orc knight.
The orc knight is severely wounded.
You completely miss the orc warrior.
The orc warrior hits you with a halberd!
* * * LOW HITPOINT WARNING * * *
Unknown command.
Unknown command.
Okay, then.
Unknown command.
You hit the orc knight.
The orc knight is almost dead.
You hit the orc warrior. The orc knight hits you with a halberd.
* * * LOW HITPOINT WARNING * * *
Unknown command.
Unknown command.
You closely miss the orc knight.
The orc knight is almost dead.
You slash the orc warrior!
The orc warrior hits you but does no damage.
You slash the orc knight!
The orc knight is almost dead.
You closely miss the orc warrior. The orc knight hits you with a halberd!
* * * LOW HITPOINT WARNING * * *
The orc warrior hits you with a halberd!
* * * LOW HITPOINT WARNING * * *
Unknown command.
Unknown command.
Unknown command.
You feel better.
The orc warrior no longer looks unusually strong.
The orc knight hits you with a halberd.
* * * LOW HITPOINT WARNING * * *
Unknown command.
Unknown command.
Okay, then.
Unknown command.
Unknown command.
Okay, then.
Okay, then.
Unknown command.
Unknown command.
Your crystal plate armour prevents you from hitting the orc knight.
The orc knight is almost dead.
You hit the orc warrior but do no damage.
The orc warrior barely misses you.
Unknown command.
Unknown command.
You completely miss the orc knight.
The orc knight is almost dead.
You hit the orc warrior. The orc knight hits you with a halberd.
* * * LOW HITPOINT WARNING * * *
The orc warrior completely misses you.
Unknown command.
Unknown command.
Unknown command.
You completely miss the orc knight.
The orc knight is almost dead.
You hit the orc warrior.
Unknown command.
Unknown command.
Unknown command.
Unknown command.
Your crystal plate armour prevents you from hitting the orc knight.
The orc knight is almost dead.
You completely miss the orc warrior. The orc knight barely misses you.
The orc warrior hits you but does no damage.
Unknown command.
Unknown command.
You closely miss the orc knight.
The orc knight is almost dead.
You hit the orc warrior.
The orc knight roars a battlecry!
The orc warrior goes into a battle-frenzy!
Unknown command.
Unknown command.
Okay, then.
Unknown command.
The orc warrior hits you from afar with a halberd!!
You die...
Your body crumbles into a pile of gold.

..≈##.##≈≈≈≈≈≈≈≈≈≈≈≈≈≈≈≈≈##.##≈..
..≈..^..≈≈≈≈≈≈≈≈≈≈≈≈≈≈≈≈≈..^..≈..
..≈##.∩#≈≈≈≈≈≈≈≈≈≈≈≈≈≈≈≈≈#∩.##≈..
..≈≈#.#≈≈≈≈≈≈#######(≈≈≈≈≈#$#≈≈..
..≈≈≈≈≈≈≈≈≈≈##≈≈≈≈##≈≈≈≈≈≈≈≈≈≈≈..
..≈≈≈≈≈≈≈≈≈##≈≈≈≈≈##≈≈(≈≈≈≈≈≈≈≈..
..≈≈≈≈≈≈≈≈##≈≈#'''##≈≈≈≈≈≈≈≈≈≈≈..
..≈≈≈≈≈≈≈≈#≈≈##∩.∩##≈(##≈≈≈≈≈≈≈..
..≈≈≈≈≈≈≈##≈####@####(##≈≈≈≈≈)≈)(
..≈≈≈≈≈≈≈##≈')#$$o#)(≈##(≈≈≈≈≈≈(.
..≈≈≈≈≈≈≈##≈###.8o###≈##(≈≈≈≈((((
..≈≈≈≈≈≈≈##≈')#?.)#['≈##≈≈≈≈≈(≈..
..≈≈≈≈≈≈≈##≈#########≈##(≈()(≈≈(.
..≈≈≈≈≈≈(≈#≈≈##[#)##)≈#(≈≈≈)(((..
..≈≈≈≈≈(≈≈##≈≈#'#'#≈≈##))≈≈(≈≈≈..
..≈(((((≈≈≈##≈≈≈≈(≈≈##≈≈)((≈((≈(.
.)≈≈≈≈≈≈≈≈≈≈#########≈(≈(≈≈≈≈≈≈..


You could see an orc knight and an orc warrior.

Vanquished Creatures
  A two-headed ogre (D:9)
  Pikel (D:4)
  Prince Ribbit (D:6)
  3 hippogriffs
  Grinder (D:6)
  Grum (D:8)
  15 yaks
  Menkaure (D:6)
  3 wargs (D:8)
  Duvessa (D:4)
  A water moccasin (D:8)
  2 ice beasts
  2 sky beasts
  17 orc warriors
  3 wolves (D:8)
  4 centaurs
  4 ogres
  A big kobold (D:9)
  4 bullfrogs
  A scorpion (D:7)
  4 wights (D:9)
  Dowan (D:4)
  A howler monkey (D:9)
  6 crimson imps
  2 bullfrog zombies (D:5)
  A quasit (D:8)
  A jelly (D:5)
  8 orc priests
  10 orc wizards
  2 hounds
  A centaur skeleton (D:6)
  A bullfrog skeleton (D:5)
  Natasha (thrice) (D:4)
  3 iguanas
  7 worker ants
  A hound skeleton (D:9)
  A worker ant zombie (D:6)
  A howler monkey skeleton (D:9)
  16 adders
  8 gnolls
  3 shadow imps
  3 oozes
  3 adder skeletons
  An adder zombie (D:9)
  5 worms
  A dart slug (D:2)
  5 leopard geckos
  57 orcs
  3 giant cockroaches
  6 hobgoblins
  18 jackals
  15 kobolds
  7 quokkas
  2 ball pythons
  10 bats
  6 frilled lizards
  13 goblins
  A leopard gecko zombie (D:8)
  A quokka skeleton (D:8)
  7 rats
312 creatures vanquished.

Vanquished Creatures (collateral kills)
  An orc wizard (D:7)
1 creature vanquished.

Vanquished Creatures (others)
  A jelly (D:4)
  A quokka (D:4)
  A frilled lizard (D:4)
  A plant (D:8)
4 creatures vanquished.

Grand Total: 317 creatures vanquished

Notes
Turn   | Place    | Note
-------+----------+-------------------------------------------
     0 | D:1      | Mgcat the Hill Orc Gladiator began the quest for the Orb.
     0 | D:1      | Reached XP level 1. HP: 18/18 MP: 1/1
    36 | D:1      | Reached XP level 2. HP: 22/25 MP: 2/2
   185 | D:1      | Reached skill level 5 in Axes
   401 | D:1      | Reached XP level 3. HP: 23/30 MP: 3/3
  1258 | D:2      | Reached skill level 6 in Axes
  1269 | D:2      | Found an iron altar of Okawaru.
  1455 | D:2      | Reached XP level 4. HP: 37/37 MP: 4/4
  1597 | D:2      | Found a glowing silver altar of Zin.
  1757 | D:2      | Found an opulent altar of Gozag.
  1792 | D:2      | Became a worshipper of Gozag Ym Sagoz the Greedy
  2003 | D:2      | Reached skill level 7 in Axes
  2186 | D:3      | Reached XP level 5. HP: 38/42 MP: 5/5
  2542 | D:3      | Reached skill level 8 in Axes
  2547 | D:3      | Found a shimmering altar of Xom.
  2884 | D:3      | Reached XP level 6. HP: 49/50 MP: 6/6
  3433 | D:4      | Found a blossoming altar of Fedhas.
  3462 | D:4      | Reached skill level 9 in Axes
  3622 | D:4      | Noticed Pikel
  3622 | D:4      | Noticed a slave
  3622 | D:4      | Noticed a slave
  3622 | D:4      | Noticed a slave
  3639 | D:4      | Noticed a slave
  3650 | D:4      | Killed Pikel
  3650 | D:4      | Reached skill level 11 in Axes
  3650 | D:4      | Reached XP level 7. HP: 29/56 MP: 7/7
  3878 | D:4      | Noticed Duvessa
  3879 | D:4      | Noticed Natasha
  3879 | D:4      | Noticed Dowan
  3890 | D:4      | Killed Natasha
  3895 | D:4      | Killed Dowan
  3899 | D:4      | HP: 10/56 [Duvessa/short sword (8)]
  3901 | D:4      | Killed Duvessa
  3901 | D:4      | Reached XP level 8. HP: 16/62 MP: 8/8
  4152 | D:4      | Reached skill level 12 in Axes
  4234 | D:4      | Noticed Natasha
  4242 | D:4      | Killed Natasha
  4288 | D:4      | Noticed Natasha
  4296 | D:4      | Killed Natasha
  4537 | D:5      | Entered Level 5 of the Dungeon
  4660 | D:5      | Got a polished ring mail
  4671 | D:5      | Identified the +1 ring mail of Exclusion {rElec rPois Int-2} (You found it on level 5 of the Dungeon)
  4703 | D:5      | Reached skill level 13 in Axes
  5042 | D:5      | Found a bloodstained altar of Trog.
  5383 | D:5      | Reached skill level 14 in Axes
  5571 | D:6      | Reached XP level 9. HP: 68/68 MP: 9/9
  5584 | D:6      | Noticed Menkaure
  5595 | D:6      | Killed Menkaure
  5595 | D:6      | Reached skill level 4 in Fighting
  5861 | D:6      | Noticed Grinder
  5861 | D:6      | Paralysed by Grinder for 6 turns
  5874 | D:6      | Killed Grinder
  5874 | D:6      | Reached skill level 5 in Fighting
  6212 | D:6      | Noticed Prince Ribbit
  6228 | D:6      | Killed Prince Ribbit
  6228 | D:6      | Reached skill level 2 in Armour
  6289 | D:6      | Reached skill level 3 in Armour
  6517 | D:6      | Reached skill level 4 in Armour
  6670 | D:7      | Reached skill level 5 in Armour
  6758 | D:7      | Reached skill level 3 in Dodging
  7017 | D:7      | Learned a level 2 spell: Song of Slaying
  7021 | D:7      | Learned a level 3 spell: Regeneration
  7029 | D:7      | Found a staircase to the Ecumenical Temple.
  7052 | D:7      | Reached skill level 4 in Dodging
  7250 | D:7      | Reached skill level 5 in Dodging
  7250 | D:7      | Reached XP level 10. HP: 83/83 MP: 10/10
  7685 | D:8      | Reached skill level 15 in Axes
  7941 | D:8      | Found a staircase to the Lair.
  7979 | D:8      | HP: 18/83 [orc priest/divine providence (7)]
  7984 | D:8      | HP: 10/83 [orc priest/nerve-wracking pain (8)]
  7985 | D:8      | HP: 1/83 [orc priest/divine providence (10)]
  8262 | D:8      | Got an ichor-stained quarterstaff
  8263 | D:8      | Identified the +9 quarterstaff of Inflation {flame, +Fly rC+ Str+6 Stlth-} (You found it on level 8 of the Dungeon)
  8497 | D:8      | Found a radiant altar of Vehumet.
  8498 | D:8      | Found a burning altar of Makhleb.
  8667 | D:8      | Noticed Grum
  8680 | D:8      | Reached skill level 16 in Axes
  8688 | D:8      | Killed Grum
  8816 | D:9      | Reached skill level 17 in Axes
  8816 | D:9      | Reached XP level 11. HP: 69/89 MP: 8/11
  9000 | D:8      | Bought a +2 crystal plate armour for 1288 gold pieces
  9115 | D:9      | Found Uxe Rownit's Antique Weapon Shoppe.
  9378 | D:9      | Noticed a two-headed ogre
  9388 | D:9      | Killed a two-headed ogre
  9388 | D:9      | Reached skill level 18 in Axes
  9444 | D:9      | Found a basalt altar of Yredelemnul.
  9536 | D:10     | Entered Level 10 of the Dungeon
  9674 | D:10     | Found a flagged portal.
  9685 | Bailey   | Entered a bailey
 10281 | Bailey   | Reached skill level 19 in Axes
 10293 | Bailey   | Noticed an orc knight
 10294 | Bailey   | Found the +12 glaive of Prune {chop}
 10310 | Bailey   | HP: 22/89 [orc knight/halberd (4)]
 10312 | Bailey   | HP: 1/89 [orc warrior/halberd (14)]
 10319 | Bailey   | Demolished by an orc warrior

Vault maps used:
D:1:      dpeg_arrival_shelter
D:2:      cheibrodos_greedy_goblins, nicolae_gozag_seed_capital, zin_academy,
          lemuel_statue_altar
D:3:      marbit_many_paths, first_ration
D:4:      lemuel_crystal_altar, hangedman_abyss_or_decor_passed, uniq_natasha,
          uniq_duvessa, uniq_pikel
D:5:      lightli_temple_of_fire, grunt_ministairs_14
D:6:      uniq_prince_ribbit1, uniq_grinder, uniq_menkaure
D:7:      minmay_temple_entry_large_hall
D:8:      grunt_temple_overflow_lords_of_destruction, erik_lair_orcish_takeover,
          uniq_grum
D:9:      old_standard_altar, serial_shops, nicolae_shop_window_shopping
D:10:     enter_bailey_8, grunt_pizzeria
Bailey:   bailey_polearm_2, bailey

Skill      XL: |  1  2  3  4  5  6  7  8  9 10 11 |
---------------+----------------------------------+-----
Axes           | 5 6 7 8 11 14 17 19 | 19.0
Fighting       | 5 |  5.7
Armour         | 5 |  5.0
Dodging        | 5 |  5.1
Throwing       | |  1.7

Action                   |  1- 3 |  4- 6 |  7- 9 | 10-12 || total
-------------------------+-------+-------+-------+-------++-------
Melee: War axe           |    90 |   241 |   324 |   421 ||  1076
       Quarterstaff      |       |       |       |    14 ||    14
Invok: Potion Petition   |       |       |       |     1 ||     1
       Call Merchant     |       |       |       |     1 ||     1
Evoke: Wand              |       |       |       |     3 ||     3
  Use: Scroll            |       |    11 |     4 |     4 ||    19
       Potion            |       |     1 |     5 |     4 ||    10
 Stab: Distracted        |       |     1 |     1 |     7 ||     9
  Eat: Chunk             |     2 |     2 |       |       ||     4
       Ration            |       |     1 |     4 |     3 ||     8
Armor: Leather armour    |     8 |       |       |       ||     8
       Ring mail         |    21 |    93 |   113 |    88 ||   315
       Crystal plate arm |       |       |       |   138 ||   138
Dodge: Dodged            |    55 |   122 |   136 |   178 ||   491
Block: Other             |       |    36 |    26 |       ||    62

Table legend:
 A = Spawn XP
 B = Non-spawn XP
 C = Spawn XP percentage of total XP
 D = Spawn monster count
 E = Non-spawn monster count
 F = Spawn count percentage of total count
 G = Total turns spent on level
                    A         B        C        D         E        F      G
               +---------+---------+-------+---------+---------+-------+---------
         Total |       0 |   14628 |   0.0 |       0 |     313 |   0.0 | 10319
               +---------+---------+-------+---------+---------+-------+---------
           D:1 |       0 |      42 |   0.0 |       0 |      20 |   0.0 |   981
           D:2 |       0 |     101 |   0.0 |       0 |      42 |   0.0 |  1178
           D:3 |       0 |     201 |   0.0 |       0 |      33 |   0.0 |  1235
           D:4 |       0 |    1181 |   0.0 |       0 |      18 |   0.0 |  1143
           D:5 |       0 |     796 |   0.0 |       0 |      33 |   0.0 |  1030
           D:6 |       0 |    1219 |   0.0 |       0 |      20 |   0.0 |  1091
           D:7 |       0 |    1860 |   0.0 |       0 |      29 |   0.0 |   941
           D:8 |       0 |    2408 |   0.0 |       0 |      36 |   0.0 |  1227
           D:9 |       0 |    3693 |   0.0 |       0 |      49 |   0.0 |   738
          D:10 |       0 |    1525 |   0.0 |       0 |       9 |   0.0 |   121
        Bailey |       0 |    1602 |   0.0 |       0 |      24 |   0.0 |   634
               +---------+---------+-------+---------+---------+-------+---------

Vault maps used:
D:1:      dpeg_arrival_shelter
D:2:      cheibrodos_greedy_goblins, nicolae_gozag_seed_capital, zin_academy,
          lemuel_statue_altar
D:3:      marbit_many_paths, first_ration
D:4:      lemuel_crystal_altar, hangedman_abyss_or_decor_passed, uniq_natasha,
          uniq_duvessa, uniq_pikel
D:5:      lightli_temple_of_fire, grunt_ministairs_14
D:6:      uniq_prince_ribbit1, uniq_grinder, uniq_menkaure
D:7:      minmay_temple_entry_large_hall
D:8:      grunt_temple_overflow_lords_of_destruction, erik_lair_orcish_takeover,
          uniq_grum
D:9:      old_standard_altar, serial_shops, nicolae_shop_window_shopping
D:10:     enter_bailey_8, grunt_pizzeria
Bailey:   bailey_polearm_2, bailey

Table legend:
 A = Turns spent in this place as a percentage of turns spent in the entire game.
 B = Non-inter-level travel turns spent in this place as a percentage of non-inter-level travel turns spent in the entire game.
 C = Inter-level travel turns spent in this place as a percentage of turns spent in this place.
 D = Turns resting spent in this place as a percentage of non-inter-level travel turns spent in this place.
 E = Turns spent auto-exploring this place as a percentage of non-inter-level travel turns spent in this place.
 F = Non-inter-level travel turns spent in this place divided by the number of levels of this place that you've seen.
                   A       B       C       D       E      F
               +-------+-------+-------+-------+-------+----------------------
         Total | 100.0 | 100.0 |   3.7 |   1.9 |  73.9 | 903.4
       Dungeon |  93.9 |  93.6 |   3.9 |   2.1 |  75.9 | 930.3
        Bailey |   6.1 |   6.4 |   0.0 |   0.0 |  44.2 | 634.0
               +-------+-------+-------+-------+-------+----------------------

Table legend:
 A = Kills in this place as a percentage of kills in entire the game.
 B = Kills by you in this place as a percentage of kills by you in the entire game.
 C = Kills by friends in this place as a percentage of kills by friends in the entire game.
 D = Other kills in this place as a percentage of other kills in the entire game.
 E = Experience gained in this place as a percentage of experience gained in the entire game.
 F = Experience gained in this place divided by the number of levels of this place that you have seen.
                   A       B       C       D       E      F
               +-------+-------+-------+-------+-------+----------------------
         Total | 100.0 | 100.0 | 100.0 |   N/A | 100.0 | 1329.8
       Dungeon |  92.3 |  92.3 | 100.0 |   N/A |  89.0 | 1302.6
        Bailey |   7.7 |   7.7 |   0.0 |   N/A |  11.0 | 1602.0
               +-------+-------+-------+-------+-------+----------------------
